 Dungeon Crawl Stone Soup version 0.30.1 (webtiles) character file.

Game seed: 4449771428821719981

51 Bnni the Chopper (level 3, 0/34 HPs)
             Began as a Hill Orc Monk on July 8, 2023.
             Slain by Crazy Yiuf
             ... wielding a +4 quarterstaff of chaos
              (11 damage)
             ... on level 2 of the Dungeon.
             The game lasted 00:02:38 (1083 turns).

Bnni the Chopper (Hill Orc Monk)                    Turns: 1083, Time: 00:02:38

Health: 0/34       AC:  6    Str: 15    XL:     3   Next: 81%
Magic:  3/3        EV: 10    Int: 10    God:
Gold:   29         SH:  0    Dex: 13    Spells: 2/2 levels left

rFire   . . .        a - +0 hand axe
rCold   . . .        d - orb {light}
rNeg    . . .        e - +0 scale mail
rPois   .            (no helmet)
rElec   .            (no cloak)
rCorr   +            (no gloves)
SInv    .            (no boots)
Will    .....        (no amulet) Stlth
                     i - +4 ring of slaying
HPRegen 0.25/turn    l - ring of resist corrosion
MPRegen 0.08/turn

%: no passive effects
@: hasted, glowing, very quick
A: no striking features
a: no special abilities


You were on level 2 of the Dungeon.
You visited 1 branch of the dungeon, and saw 2 of its levels.

You collected 29 gold pieces.

Inventory:

Hand Weapons
 a - a +0 hand axe (weapon)
Missiles
 k - 6 poisoned darts (quivered)
Armour
 d - an orb of light (worn)
 e - a +0 scale mail (worn)
Jewellery
 i - a +4 ring of slaying (left hand)
 l - a ring of resist corrosion (right hand)
Scrolls
 g - 5 scrolls of identify {unknown}
 m - a scroll of torment {unknown}
 n - a scroll of teleportation {unknown}
Potions
 b - 2 potions of curing
 c - a potion of ambrosia
 f - a potion of brilliance {unknown}
 h - 3 potions of haste {unknown}
 j - 2 potions of heal wounds {unknown}
 o - a potion of might {unknown}


   Skills:
 + Level 4.3 Fighting
 * Level 5.5 Axes
 - Level 2.4 Dodging


You had 2 spell levels left.
You didn't know any spells.
Your spell library was empty.

Dungeon Overview and Level Annotations

Branches:
Dungeon (2/15)

Altars:

Shops:
D:2 !*[

Annotations:
D:2 Crazy Yiuf


Message History

You kill the quokka!
No target in view!
b - 3 glowing purple potions (gained 1)
h - 3 lumpy emerald potions (gained 1)
There is a stone staircase leading down here.
There is a stone staircase leading down here.
n - a scroll labelled SULIES YJEQ
Found a stone staircase leading down.
Found a dagger.
A kobold comes into view. It is wielding a +0 dagger.
The kobold shouts!
A kobold is nearby!
The kobold throws a stone.
The stone barely misses you.
The kobold throws a stone.
The stone hits you but does no damage. The kobold closely misses you.
You hit the kobold.
You kill the kobold!
No target in view!
Things that are here:
a +0 dagger; 4 stones; a kobold corpse
o - an emerald potion
Found a runed translucent door.
Crazy Yiuf shouts!
You open the door. You slash Crazy Yiuf!
Crazy Yiuf is moderately wounded.
Crazy Yiuf hits you with a +4 quarterstaff of chaos!
You feel yourself speed up.
You hit Crazy Yiuf.
Crazy Yiuf is heavily wounded.
Crazy Yiuf hits you with a +4 quarterstaff of chaos!
Ouch! That really hurt!
* * * LOW HITPOINT WARNING * * *
Crazy Yiuf burns you.
* * * LOW HITPOINT WARNING * * *
It was a potion of curing.
You feel better.
You hit Crazy Yiuf.
Crazy Yiuf is severely wounded.
Crazy Yiuf hits you with a +4 quarterstaff of chaos!
You die...

### ##.. #####
##... #)..# #....
#...# #.... ...
#.... #g# #....
♣@♣♣ ####.#.# ♣♣.♣
#....... ♣.♣♣
#.##.#.# ♣♣.♣ .
#.#.# ♣♣.♣♣ # #.#
♣♣...♣ #.#.# ♣....♣
#...> #....#
########....
##..####......##...


You could see Crazy Yiuf.

Vanquished Creatures
  An adder (D:2)
  A gnoll (D:1)
  A dart slug (D:2)
  A ball python (D:2)
  2 bats (D:2)
  4 endoplasms
  3 hobgoblins
  4 jackals (D:2)
  4 kobolds
  A quokka (D:2)
  2 frilled lizards
  2 goblins
  A rat (D:1)
27 creatures vanquished.

Notes
Turn   | Place    | Note
-------+----------+-------------------------------------------
     0 | D:1      | Bnni the Hill Orc Monk began the quest for the Orb.
     0 | D:1      | Reached XP level 1. HP: 19/19 MP: 1/1
   156 | D:1      | Reached XP level 2. HP: 17/27 MP: 2/2
   677 | D:2      | Found Pilaxt's Assorted Antiques.
   683 | D:2      | Found Amylej's Distillery.
   702 | D:2      | Reached skill level 5 in Axes
   702 | D:2      | Reached XP level 3. HP: 33/33 MP: 3/3
   745 | D:2      | Found a faded altar of an unknown god.
   948 | D:2      | Found Bikewuol's Antique Armour Shop.
  1075 | D:2      | Found a runed translucent door.
  1076 | D:2      | Noticed Crazy Yiuf
  1083 | D:2      | Slain by Crazy Yiuf

Illustrated notes

Levels and vault maps discovered:
D:1:      elethiomel_arrival_infinity_welcomes_careful_drivers, layout_basic,
          chequers_serial_rivers_micro_d
D:2:      layout_loops_ring, serial_shops, shop, shop, shop,
          nicolae_ecumenical_oubliette, uniq_crazy_yiuf_cottage

Skill      XL: |  1  2 |
---------------+-------+-----
Fighting       | 4 |  4.3
Axes           | 5 |  5.5
Dodging        | |  2.4

Action                     || total
---------------------------++-------
  Melee: Hand axe          ||    64
    Use: Potion            ||     1
 Armour: Scale mail        ||    21
  Dodge: Dodged            ||    27
